AoeStats
← Oscar robles176

Arena

509810150Analyzed
4v4 RM · 3d ago on Sep 28, 2026· 59m 49s· 8 players
Game mode
Random Map
Map size
Large (8 player)
Population
200
Speed
Normal
Resources
Standard
Victory
Conquest
Starting age
Dark Age
Ending age
Imperial Age
RankedLock teamsTeams togetherTeam positionsShared explorationLock speedFull tech treeHidden civsTurbo modeCheats
Victory
Defeat
🇨🇳 Persians · China
1113
+9
🇺🇸 Malians · United States
1084
+10
🇨🇳 Berbers · China
1078
+11
🇺🇸 Jurchens · United States
1037
+12
🇨🇳 Japanese · China
1013
-12
🇨🇳 Bohemians · China
972
-11
🇵🇪 Aztecs · Peru
947
-10
🇲🇽 Khmer · Mexico
900
-9
Oscar robles176
12:47 Feudal Age
16:09 Castle Age
14:45 Double-Bit Axe
14:43 Horse Collar
17:30 Bow Saw
21:34 Heavy Plow
22:56 Gold Mining
26:01 Gold Shaft Mining
25:16 Stone Mining
26:34 Wheelbarrow
26:28 Ballistics
30:24 Imperial Age
28:14 Hand Cart
28:53 Husbandry
29:04 Bloodlines
29:09 Forging
29:05 Scale Barding Armor
31:36 Chain Barding Armor
31:27 Double Crossbow
31:48 Elite Ballista Elephant
33:38 Conscription
34:34 Crop Rotation
49:16 Plate Barding Armor
48:52 Forging
49:32 Light Cavalry
50:36 Hussar
52:07 Iron Casting
HwYe
10:14 Feudal Age
11:00 Double-Bit Axe
16:08 Castle Age
15:44 Horse Collar
16:16 Loom
31:04 Imperial Age
30:12 Wheelbarrow
29:23 Town Watch
30:51 Chemistry
30:31 Bow Saw
31:12 Ballistics
31:34 Hand Cart
32:25 Pikeman
33:06 Squires
32:51 Arson
33:10 Town Patrol
33:14 Padded Archer Armor
33:04 Fletching
34:46 Two-Man Saw
34:42 Siege Engineers
35:47 Forging
35:38 Scale Mail Armor
35:58 Houfnice
37:10 Fortified Wall
36:55 Murder Holes
37:23 Bodkin Arrow
37:43 Leather Archer Armor
38:13 Bracer
38:29 Leather Archer Armor
38:53 Conscription
39:41 Halberdier
44:18 Iron Casting
43:59 Chain Mail Armor
44:14 Ring Archer Armor
48:35 Heavy Scorpion
49:39 Heavy Plow
_Ermi_007
10:30 Feudal Age
12:07 Loom
14:51 Castle Age
13:44 Double-Bit Axe
13:43 Horse Collar
31:46 Imperial Age
29:16 Crossbowman
30:26 Bow Saw
30:15 Pikeman
31:34 Fletching
33:03 Conscription
品哥揍老外
12:17 Feudal Age
17:21 Castle Age
15:29 Double-Bit Axe
15:40 Stone Mining
15:40 Horse Collar
17:16 Gold Mining
23:35 Bow Saw
26:02 Heavy Plow
28:31 Gold Shaft Mining
29:20 Treadmill Crane
29:53 Squires
29:38 Arson
30:13 Scale Mail Armor
30:24 Forging
30:04 Fletching
35:18 Imperial Age
33:45 Chain Mail Armor
34:06 Iron Casting
33:26 Bodkin Arrow
34:26 Wheelbarrow
33:36 Town Watch
33:37 Loom
35:30 Ballistics
35:20 Masonry
35:34 Pikeman
36:39 Conscription
36:57 Conscription
37:39 Kataparuto
37:54 Hand Cart
37:39 Town Patrol
38:49 Two-Man Saw
39:02 Plate Mail Armor
39:33 Blast Furnace
38:02 Halberdier
38:46 Elite Samurai
40:49 Bracer
47:23 Scale Barding Armor
47:20 Padded Archer Armor
48:51 Husbandry
49:02 Bloodlines
48:12 Light Cavalry
52:20 Chain Barding Armor
52:15 Leather Archer Armor
52:14 Siege Engineers
53:10 Chemistry
52:57 Cavalier
erik_k900
0:27 Loom
10:47 Feudal Age
14:13 Wheelbarrow
16:28 Castle Age
14:43 Double-Bit Axe
15:31 Gold Mining
16:14 Stone Mining
20:34 Bow Saw
22:12 Pikeman
30:18 Padded Archer Armor
30:08 Fletching
30:29 Forging
30:19 Scale Mail Armor
30:57 Hand Cart
36:07 Imperial Age
34:17 Leather Archer Armor
33:57 Bodkin Arrow
35:44 Chain Mail Armor
36:04 Man-at-Arms
37:29 Onager
56:19 Heavy Camel Rider
sengfan
10:34 Feudal Age
14:26 Castle Age
12:41 Horse Collar
18:34 Double-Bit Axe
20:10 Bow Saw
24:44 Wheelbarrow
25:59 Gold Mining
26:30 Hand Cart
27:56 Gold Shaft Mining
27:49 Forging
27:45 Scale Barding Armor
30:11 Imperial Age
29:00 Bloodlines
28:51 Husbandry
29:51 Chain Barding Armor
31:55 Two-Man Saw
30:48 Elite Steppe Lancer
33:16 Iron Casting
34:28 Plate Barding Armor
35:07 Heavy Rocket Cart
35:50 Padded Archer Armor
36:52 Blast Furnace
41:54 Leather Archer Armor
41:17 Light Cavalry
43:28 Chemistry
42:34 Siege Engineers
43:30 Ring Archer Armor
42:40 Hussar
46:42 Capped Ram
48:02 Ballistics
49:24 Thunderclap Bombs
49:36 Conscription
53:15 Siege Ram
陈先锋
10:32 Feudal Age
8:49 Loom
13:42 Stone Mining
16:04 Castle Age
16:03 Town Watch
17:25 Fletching
21:13 Double-Bit Axe
25:23 Bow Saw
25:31 Fortified Wall
25:03 Treadmill Crane
25:37 Gold Mining
26:24 Stone Shaft Mining
27:06 Gold Shaft Mining
29:58 Horse Collar
33:07 Imperial Age
31:16 Kasbah
31:53 Bloodlines
31:43 Husbandry
32:42 Husbandry
35:17 Scale Barding Armor
35:12 Bodkin Arrow
35:19 Padded Archer Armor
35:59 Wheelbarrow
35:25 Town Patrol
36:28 Stone Shaft Mining
37:32 Heavy Plow
37:37 Heavy Camel Rider
39:41 Hand Cart
39:48 Scale Barding Armor
39:56 Forging
42:16 Crop Rotation
45:46 Chemistry
45:07 Ballistics
44:53 Siege Engineers
45:17 Chain Barding Armor
45:32 Iron Casting
48:57 Blast Furnace
48:33 Plate Barding Armor
51:50 Conscription
51:33 Maghrebi Camels
52:10 Hoardings
50:58 Elite Camel Archer
55:32 Murder Holes
55:48 Masonry
阿兹特克的蛇
11:07 Feudal Age
12:30 Double-Bit Axe
14:56 Castle Age
16:33 Bow Saw
17:30 Wheelbarrow
20:07 Horse Collar
22:13 Heavy Plow
24:26 Stone Mining
24:27 Gold Mining
25:51 Stone Shaft Mining
25:15 Loom
26:28 Hand Cart
27:53 Gold Shaft Mining
31:37 Imperial Age
30:03 Husbandry
30:14 Bloodlines
30:12 Scale Barding Armor
30:18 Forging
32:19 Chain Barding Armor
32:35 Iron Casting
31:46 Cavalier
33:33 Conscription
34:49 Two-Man Saw
34:49 Elite War Elephant
36:06 Hoardings
36:12 Citadels
37:21 Plate Barding Armor
36:38 Fletching
39:31 Blast Furnace
40:12 Bodkin Arrow
44:46 Masonry
44:59 Savar
48:31 Kamandaran
53:21 Architecture
Connection lost

Rejoining the realm…

Still unreachable

The connection could not be restored.

Session expired

The server has moved on; the page needs a fresh start.